 Dungeon Crawl Stone Soup version 0.31.0-11-ge490571c62 (webtiles) character file.

Game seed: 131882054570060252

37 qw the Shooter (level 3, 0/18 HPs)
             Began as a Spriggan Hunter on Feb 4, 2024.
             Slain by a ribbon worm (6 damage)
             ... on level 2 of the Dungeon.
             The game lasted 00:00:20 (768 turns).

qw the Shooter (Spriggan Hunter)                     Turns: 768, Time: 00:00:21

Health: 0/18       AC:  2    Str:  7    XL:     3   Next: 23%
Magic:  4/4        EV: 10    Int: 10    God:
Gold:   44         SH:  0    Dex: 20    Spells: 2/2 levels left

rFire   . . .        a - +0 shortbow
rCold   . . .        (shield currently unavailable)
rNeg    . . .        c - +0 robe
rPois   .            (helmet restricted)
rElec   .            (no cloak)
rCorr   .            (gloves unavailable)
SInv    +            (boots unavailable)
Will    .....        (no amulet)
Stlth   ++           (no ring)
HPRegen 0.23/turn    (no ring)
MPRegen 0.09/turn

%: no passive effects
@: held, very quick
A: very small, no large weapons, unfitting armour, see invisible, speed 3
a: no special abilities


You were on level 2 of the Dungeon.
You visited 1 branch of the dungeon, and saw 2 of its levels.

You collected 44 gold pieces.


Innate Abilities, Weirdness & Mutations

You are very small and have problems with some larger weapons.
You are too small for most types of armour.
You have supernaturally acute eyesight. (SInv)
You cover ground extremely quickly. (Speed+++)


   Skills:
 - Level 1.5 Fighting
 + Level 4.6 Ranged Weapons
 - Level 4.0 Dodging
 - Level 1.5 Stealth


You had 2 spell levels left.
You didn't know any spells.
Your spell library was empty.

Inventory:

Hand Weapons
 a - a +0 shortbow (weapon)
Armour
 c - a +0 robe (worn)
Potions
 d - a potion of brilliance {unknown}
 e - a potion of attraction {unknown}
 g - a potion of curing {unknown}

Dungeon Overview and Level Annotations

Branches:
Dungeon (2/15)

Altars:

Shops:
D:1 ((([*


Message History

You shoot an arrow. The arrow barely misses the goblin.
You shoot an arrow. The arrow barely misses the goblin.
A ball python comes into view.
A ribbon worm comes into view.
You shoot an arrow. The arrow closely misses the goblin.
The arrow closely misses the ball python.
The ball python hisses angrily.
You shoot an arrow. The arrow hits the goblin.
The goblin is moderately wounded.
A giant cockroach comes into view.
You shoot an arrow. The arrow barely misses the goblin.
The arrow hits the ball python!
You kill the ball python!
The goblin closely misses you.
You shoot an arrow. The arrow barely misses the goblin.
The goblin hits you with a +0 club. The goblin misses you.
You shoot an arrow. The arrow closely misses the goblin.
The goblin completely misses you.
You shoot an arrow. The arrow hits the goblin!
You kill the goblin!
You shoot an arrow.
The arrow barely misses the ribbon worm.
The ribbon worm expels a string of sticky webbing.
The stream of webbing misses you. The giant cockroach closely misses you.
You shoot an arrow. The arrow hits the giant cockroach.
You kill the giant cockroach!
You shoot an arrow.
The arrow barely misses the ribbon worm.
The ribbon worm completely misses you.
You shoot an arrow. The arrow hits the ribbon worm.
The ribbon worm is lightly wounded.
The ribbon worm bites you.
You shoot an arrow. The arrow hits the ribbon worm.
The ribbon worm is lightly wounded.
The ribbon worm expels a string of sticky webbing.
The stream of webbing hits you but does no damage.
You are caught in a web!
The ribbon worm bites you but does no damage.
The ribbon worm bites you. The ribbon worm bites you.
You die...

#########
#.......########
#.####..........
#####.##...<########
#.....#..#########
#.....#.###......#
#.......##....##@#
...##.####....#.w).....#
.........'....#........#
......####....#..?...$..
.#####........>..##..=..
. .......##### ..... >
.......# .... . .......#
.:.. #.#######


You could see a ribbon worm (catching breath).

Vanquished Creatures
  A dart slug (D:1)
  3 endoplasms
  4 giant cockroaches
  3 goblins
  3 hobgoblins
  4 kobolds (D:1)
  5 ball pythons
  2 bats (D:1)
  2 frilled lizards (D:1)
  4 rats (D:1)
31 creatures vanquished.

Notes
Turn   | Place    | Note
-------+----------+-------------------------------------------
     0 | D:1      | qw the Spriggan Hunter began the quest for the Orb.
     0 | D:1      | Reached XP level 1. HP: 10/10 MP: 2/2
     0 | D:1      | 0 ||| qw: Version: 0.3-a-160-g6735b56
     0 | D:1      | 0 ||| qw: Game counter: 5868
     0 | D:1      | 0 ||| qw: Melee chars always use a shield: true
     0 | D:1      | 0 ||| qw: God list: Okawaru
     0 | D:1      | 0 ||| qw: Allow faded altars: false
     0 | D:1      | 0 ||| qw: Do Orc after clearing Dungeon:15 true
     0 | D:1      | 0 ||| qw: Do second Lair branch before Depths: true
     0 | D:1      | 0 ||| qw: Lair rune preference: random
     0 | D:1      | 0 ||| qw: Goals: Normal
     0 | D:1      | 0 ||| PLANNING D:1-11
    46 | D:1      | Reached skill level 3 in Dodging
    65 | D:1      | Found Sigec's Armour Boutique.
   131 | D:1      | Found Jaulepas's Assorted Antiques.
   138 | D:1      | 138 ||| SHOPLISTING embroidered scarf (208 gold, have 10).
   138 | D:1      | 138 ||| SHOPLISTING scroll labelled EDIUDD OQOE (26 gold,
                  | have 10).
   138 | D:1      | 138 ||| SHOPLISTING scroll labelled GUEZURH WUNNI (26 gold,
                  | have 10).
   138 | D:1      | 138 ||| SHOPLISTING scroll labelled HUUSIM ROKK (26 gold,
                  | have 10).
   138 | D:1      | 138 ||| SHOPLISTING scroll labelled OVUZEBL TEEF (26 gold,
                  | have 10).
   272 | D:1      | Reached XP level 2. HP: 14/14 MP: 3/3
   299 | D:1      | Found Reuf's Weapon Shoppe.
   315 | D:1      | 315 ||| SHOPLISTING +9 orcbow of Ofaeng {heavy, rN+} (812
                  | gold, have 10).
   575 | D:1      | Found Belikhle's Antique Weapon Shop.
   615 | D:1      | 615 ||| SHOPLISTING crystal sling (162 gold, have 30).
   635 | D:1      | Found Atuxot's Antique Weapon Shoppe.
   638 | D:1      | 638 ||| SHOPLISTING glowing arbalest (195 gold, have 30).
   652 | D:1      | Reached XP level 3. HP: 18/18 MP: 4/4
   657 | D:1      | 657 ||| READING scroll labelled SUGGIVI YLEIW.
   661 | D:1      | 661 ||| DROPPING scroll of butterflies.
   768 | D:2      | Slain by a ribbon worm

Levels and vault maps discovered:
D:1:      minmay_arrival_nine_rooms, layout_loops_ring, serial_shops, shop,
          shop, nicolae_shop_overgrown_old_shop, shop, shop
D:2:      layout_basic

Skill      XL: |  1  2 |
---------------+-------+-----
Dodging        | 3 4 |  4.0
Fighting       | |  1.5
Ranged Weapons | |  4.6
Stealth        | |  1.5

Action                     || total
---------------------------++-------
   Fire: Shortbow          ||    79
    Use: Scroll            ||     1
 Armour: Robe              ||     7
  Dodge: Dodged            ||    16

Table legend:
 A = Non-vault XP
 B = Vault XP
 C = Vault XP percentage of total XP
 D = Non-vault monster count
 E = Vault monster count
 F = Vault count percentage of total count
                 A         B        C        D         E       F
            +---------+---------+-------+---------+---------+-------
      Total |      54 |       0 |   0.0 |      31 |       0 |   0.0
            +---------+---------+-------+---------+---------+-------
        D:1 |      45 |       0 |   0.0 |      26 |       0 |   0.0
        D:2 |       9 |       0 |   0.0 |       5 |       0 |   0.0
            +---------+---------+-------+---------+---------+-------
